Map: Acid Plant LE

Players

Serral

  • Race: Zerg Zerg
  • Spawn Location: 11:00

Scarlett - Winner!

  • Race: Zerg Zerg
  • Spawn Location: 5:00

Event: IEM Season 12 - PyeongChang

VOD

Have the link to the VOD?

Description

Time

  • Played on: Feb. 5, 2018, 10:32 p.m.
  • Length: 11:39

All games in this series

Show
View Real Time Build Order
Export as new Build Order

Serral Zerg 

Build Orders: Hatch First, Lurkers, Roach Hydra 

Get SALT Encoding   

  12  0:00  Drone  
  13  0:12  Overlord  
  13  0:18  Drone  
  14  0:32  Drone x2  
  14  0:35  Drone  
  17  0:51  Hatchery  
  17  0:54  Drone  
  17  0:58  Drone  
  17  1:01  Extractor  
  17  1:13  Spawning Pool  
  17  1:16  Drone  
  17  1:20  Drone  
  18  1:28  Drone  
  19  1:38  Overlord  
  19  1:49  Drone  
  20  1:59  Queen  
  20  2:00  Zergling x2  
  23  2:01  Metabolic Boost  
  23  2:03  Queen  
  26  2:08  Zergling x2  
  26  2:11  Drone  
  26  2:13  Drone  
  28  2:22  Drone  
  29  2:24  Drone  
  30  2:36  Hatchery  
  29  2:40  Drone  
  30  2:45  Queen  
  30  2:48  Drone  
  33  2:53  Baneling Nest  
  33  2:57  Overlord  
  32  3:02  Overlord  
  32  3:05  Zergling x2  
  33  3:07  Drone  
  33  3:09  Zergling x2  
  35  3:15  Overlord  
  35  3:16  Zergling x2  
  36  3:21  Zergling x4  
  36  3:24  Drone  
  39  3:27  Drone x2  
  39  3:30  Drone  
  39  3:32  Drone  
  42  3:38  Drone  
  43  3:45  Baneling  
  43  3:46  Zergling x2  
  43  3:47  Drone x3  
  47  3:51  Evolution Chamber  
  47  3:54  Drone x2  
  47  3:55  Drone  
  49  3:56  Drone  
  49  3:58  Zergling x2  
  49  4:02  Baneling  
  51  4:03  Overlord  
  52  4:10  Drone x2  
  52  4:13  Overlord  
  52  4:15  Zergling x2  
  54  4:17  Drone  
  54  4:20  Zerg Missile Weapons Level 1  
  54  4:23  Drone x3  
  58  4:29  Drone x3, Extractor  
  60  4:33  Lair  
  60  4:35  Drone x2  
  62  4:38  Overlord  
  62  4:39  Drone  
  62  4:40  Drone  
  62  4:42  Drone  
  62  4:44  Drone  
  66  4:46  Drone  
  66  4:47  Drone  
  66  4:50  Drone x2  
  69  4:55  Drone x4  
  69  4:59  Extractor x2  
  71  5:03  Roach Warren  
  71  5:04  Drone x3  
  73  5:08  Drone x3  
  73  5:09  Drone  
  73  5:12  Overlord  
  73  5:13  Drone  
  73  5:14  Extractor  
  77  5:15  Overlord  
  77  5:19  Overlord  
  77  5:22  Drone x2, Extractor  
  77  5:25  Overlord  
  77  5:27  Drone x2  
  73  5:34  Zergling x14  
  79  5:39  Spine Crawler  
  82  5:43  Glial Reconstitution, Roach x2  
  82  5:46  Overseer, Roach  
  84  5:50  Roach  
  83  5:59  Zergling x4, Roach x3  
  86  6:04  Drone x6  
  86  6:06  Baneling x2  
  93  6:16  Drone  
  93  6:18  Pneumatized Carapace, Evolution Chamber  
  93  6:20  Roach x2  
  93  6:24  Hatchery  
  96  6:29  Drone, Hydralisk Den  
  96  6:30  Roach x4  
  104  6:39  Overlord  
  104  6:42  Unknown  
  104  6:43  Spore Crawler  
  104  6:44  Spore Crawler x2  
  104  6:45  Zerg Ground Armor Level 1, Drone x2  
  104  6:46  Drone  
  104  6:50  Drone  
  104  6:51  Spore Crawler  
  101  7:00  Overlord  
  101  7:04  Muscular Augments, Hydralisk x6  
  113  7:12  Zerg Missile Weapons Level 2  
  113  7:13  Overlord  
  110  7:21  Hydralisk x2  
  114  7:24  Overlord x3  
  114  7:31  Overlord  
  114  7:37  Hydralisk x5  
  110  7:40  Overlord  
  110  7:43  Infestation Pit  
  112  7:44  Drone x3  
  112  7:48  Zergling x6  
  118  7:51  Lurker Den  
  118  8:02  Hydralisk x4  
  118  8:09  Baneling x6, Zergling x4  
  118  8:12  Queen  
  122  8:13  Hydralisk  
  122  8:16  Grooved Spines, Roach  
  122  8:21  Hydralisk x2  
  126  8:28  Baneling x4  
  126  8:31  Hydralisk x3  
  132  8:37  Overlord  
  132  8:42  Spore Crawler  
  132  8:46  Overlord x2, Hydralisk  
  132  8:47  Roach x2  
  137  8:52  Zerg Ground Armor Level 2  
  137  8:56  Overlord  
  137  8:57  Overlord  
  137  9:02  Overlord  
  137  9:05  Hydralisk x2  
  137  9:10  Queen  
  137  9:14  Extractor  
  137  9:15  Spore Crawler  
  137  9:16  Drone x3  
  138  9:20  Spore Crawler  
  138  9:22  Spore Crawler  
  129  9:24  Extractor  
  129  9:25  Drone  
  129  9:26  Spore Crawler x2  
  129  9:27  Roach  
  129  9:30  Lurker x2  
  129  9:31  Lurker  
  132  9:35  Hydralisk  
  135  9:42  Lurker  
  136  9:45  Spore Crawler  
  136  9:46  Hydralisk x3  
  141  9:55  Hydralisk  
  141  9:56  Hydralisk x2  
  141  10:12  Hydralisk x5  
  145  10:30  Hydralisk x5  
  145  10:35  Hatchery  
  149  10:36  Hydralisk x2  
  132  10:48  Roach x3  
  122  10:54  Roach  
  125  10:57  Roach x2  
  125  10:58  Roach  
  92  11:15  Roach x4  
Show
View Real Time Build Order
Export as new Build Order

Scarlett Zerg - Winner!

Build Orders: Hatch First, Muta Ling Bane 

Get SALT Encoding   

  12  0:00  Drone  
  13  0:12  Overlord  
  13  0:16  Drone  
  14  0:30  Drone x2  
  14  0:34  Drone  
  17  0:50  Hatchery  
  17  0:54  Drone  
  17  0:58  Drone  
  18  1:07  Extractor  
  17  1:12  Spawning Pool  
  17  1:15  Drone  
  17  1:18  Drone  
  18  1:28  Drone  
  19  1:39  Drone  
  20  1:50  Overlord  
  20  1:58  Queen  
  22  2:02  Queen  
  22  2:03  Drone x2  
  22  2:06  Metabolic Boost  
  26  2:11  Drone  
  26  2:14  Drone  
  29  2:22  Drone  
  29  2:24  Drone  
  30  2:34  Zergling x2  
  30  2:35  Zergling x2  
  32  2:38  Hatchery  
  31  2:47  Zergling x2  
  31  2:48  Queen  
  34  2:54  Overlord  
  34  2:58  Baneling Nest  
  34  3:04  Drone x2  
  35  3:11  Drone  
  36  3:13  Drone x4  
  40  3:20  Overlord  
  40  3:24  Queen  
  42  3:32  Drone x2  
  42  3:33  Overlord  
  44  3:40  Zergling x2  
  45  3:42  Baneling x2  
  45  3:46  Zergling x2  
  46  3:49  Baneling  
  46  3:50  Drone  
  46  3:51  Drone  
  46  3:52  Extractor  
  47  3:56  Extractor  
  46  4:03  Drone x5  
  51  4:13  Lair  
  51  4:15  Zergling x4  
  52  4:17  Drone x3  
  52  4:18  Drone x2  
  52  4:24  Overlord  
  57  4:28  Drone x2  
  57  4:29  Drone x5  
  64  4:35  Overlord  
  64  4:36  Extractor  
  63  4:42  Evolution Chamber  
  63  4:45  Overlord, Drone  
  63  4:50  Drone x6  
  69  4:54  Overlord, Drone  
  69  4:58  Drone  
  69  4:59  Drone x2  
  72  5:06  Overlord  
  72  5:12  Spire  
  71  5:14  Zergling x10  
  71  5:18  Zergling x2  
  71  5:19  Zergling x6  
  78  5:30  Drone x7  
  78  5:33  Zerg Melee Weapons Level 1, Extractor  
  78  5:35  Extractor  
  83  5:39  Overseer, Zergling x2  
  84  5:47  Drone x3  
  84  5:48  Drone x2  
  80  6:05  Zergling x16  
  80  6:08  Hatchery  
  80  6:11  Drone  
  87  6:12  Overlord, Spine Crawler  
  86  6:24  Mutalisk x7  
  100  6:26  Mutalisk  
  100  6:31  Mutalisk x3  
  100  6:32  Unknown  
  108  6:36  Mutalisk  
  108  6:37  Mutalisk  
  112  6:45  Drone x2  
  114  6:48  Overlord x4  
  114  6:51  Zerg Flyer Weapons Level 1  
  111  6:56  Extractor  
  111  6:58  Mutalisk  
  111  7:01  Extractor  
  111  7:02  Mutalisk  
  112  7:09  Drone x2  
  112  7:10  Centrifical Hooks  
  114  7:18  Mutalisk  
  114  7:19  Mutalisk  
  118  7:25  Drone x2  
  118  7:26  Mutalisk  
  118  7:27  Zergling x2  
  118  7:28  Zergling x12  
  127  7:39  Hatchery  
  124  7:46  Mutalisk  
  124  7:47  Mutalisk x3  
  124  7:48  Zergling x2  
  124  7:49  Zergling x16  
  133  8:05  Mutalisk  
  133  8:06  Mutalisk x3  
  133  8:08  Zergling x2  
  133  8:09  Zergling x14  
  149  8:14  Mutalisk  
  149  8:15  Mutalisk  
  149  8:17  Zergling x2  
  149  8:19  Overlord x3  
  152  8:23  Zerg Melee Weapons Level 2  
  152  8:35  Baneling x8  
  152  8:36  Baneling x3  
  152  8:44  Baneling x2  
  152  8:45  Baneling x6  
  152  8:56  Zerg Flyer Weapons Level 2  
  152  9:00  Zergling x2  
  152  9:01  Zergling x42  
  147  9:18  Zergling x10  
  145  9:25  Mutalisk x7  
  145  9:30  Mutalisk  
  161  9:32  Zergling x10  
  161  9:33  Zergling x4  
  168  9:41  Mutalisk x2  
  168  9:43  Overlord x3  
  172  9:46  Mutalisk  
  174  9:53  Baneling x7  
  174  9:58  Baneling x3  
  174  9:59  Baneling x3  
  168  10:02  Zergling x16  
  168  10:03  Zergling x2  
  171  10:08  Overseer  
  167  10:19  Mutalisk x4  
  166  10:21  Zergling x2  
  166  10:22  Zergling x12  
  173  10:28  Zergling x2  
  173  10:29  Zergling x10  
  179  10:39  Mutalisk x3  
  179  10:41  Zergling x6  
  172  10:51  Baneling x7  
  172  10:52  Zergling x4  
  171  11:02  Mutalisk x3  
  171  11:03  Mutalisk  
  152  11:06  Zergling x10  
  136  11:23  Hatchery  

Tags
 
Add a new tag
Caveats
  • Supply blocks, unpowered buildings, or Contaminate may cause inaccurate times.
  • Supply counts are checked every 10 seconds.